 Dungeon Crawl Stone Soup version 0.22-a0-617-g6d95e9e (webtiles) character file.

47382 kae the End of an Era (level 14, 0/102 HPs)
             Began as a Minotaur Fighter on July 12, 2018.
             Was the Champion of Qazlal.
             Slain by a polar bear (12 damage)
             ... on level 6 of the Lair of Beasts.
             The game lasted 00:16:42 (18874 turns).

kae the End of an Era (Minotaur Fighter)           Turns: 18874, Time: 00:16:42

Health: 0/102      AC: 12    Str: 30    XL:     14   Next: 8%
Magic:  26/26      EV: 10    Int:  6    God:    Qazlal [******]
Gold:   1033       SH: 12    Dex: 11    Spells: 13/13 levels left

rFire    . . .     SeeInvis +   H - +7 great mace (drain)
rCold    . . .     Gourm    .   (shield currently unavailable)
rNeg     . . .     Faith    .   i - +1 scale mail
rPois    .         Spirit   .   v - +0 hat
rElec    .         Reflect  +   (no cloak)
rCorr    .         Harm     .   (no gloves)
MR       +....                  w - +0 pair of boots
Stlth    ..........             s - +4 amulet of reflection
HPRegen  0.27/turn              u - ring of see invisible
MPRegen  0.20/turn              R - +6 ring of strength

@: protected from physical damage, repel missiles
A: retaliatory headbutt, horns 2
a: Upheaval, Elemental Force, Disaster Area, Renounce Religion


You were on level 6 of the Lair of Beasts.
You worshipped Qazlal.
Qazlal was exalted by your worship.
You were hungry.

You visited 2 branches of the dungeon, and saw 17 of its levels.

You collected 1053 gold pieces.
You spent 20 gold pieces at shops.

Inventory:

Hand Weapons
 a - the +4 eveningstar "Uxoifikh" {flame, rN+ MR+}
   (You acquired it on level 8 of the Dungeon)

   It has been specially enchanted to burn those struck by it, causing extra
   injury to most foes and up to half again as much damage against particularly
   susceptible opponents.
   It protects you from negative energy.
   It affects your resistance to hostile enchantments.
 b - a +1 whip of electrocution
 q - a +0 flail
 H - a +7 great mace of draining (weapon)
Armour
 c - a +0 shield
 i - a +1 scale mail (worn)
 v - a +0 hat (worn)
 w - a +0 pair of boots (worn)
Jewellery
 r - an uncursed amulet of magic regeneration
 s - a +4 amulet of reflection (around neck)
 u - a ring of see invisible (left hand)
 F - an uncursed ring of flight
 Q - an uncursed ring of protection from magic
 R - a +6 ring of strength (right hand)
Wands
 k - a wand of random effects (85)
 l - a wand of digging (10)
 o - a wand of paralysis (11)
 t - a wand of iceblast (6)
 M - a wand of polymorph (25)
 P - a wand of flame (54)
Scrolls
 g - a scroll of holy word
 h - 4 scrolls of amnesia
 p - 7 scrolls of teleportation
 x - 2 scrolls of enchant weapon
 y - 5 scrolls of fear
 z - 9 scrolls of remove curse
 G - 2 scrolls of immolation
 I - 4 scrolls of identify
 K - a scroll of enchant armour
 N - 5 scrolls of magic mapping
 O - a scroll of silence
 U - 2 scrolls of fog
Potions
 d - 4 potions of might
 e - 2 potions of berserk rage
 j - 8 potions of curing
 m - 3 potions of agility
 n - 7 potions of heal wounds
 A - a potion of cancellation
 B - 3 potions of mutation
 C - a potion of resistance
 D - 2 potions of brilliance
 E - 2 potions of haste
 L - a potion of ambrosia
 S - 2 potions of flight {unknown}
Comestibles
 f - 39 rations


   Skills:
 - Level 3.6 Fighting
 - Level 16.0 Maces & Flails
 - Level 3.6 Armour
 - Level 3.6 Shields
 + Level 18.9 Invocations


You had 13 spell levels left.
You didn't know any spells.
Your spell library contained the following spells:

 Spells                   Type           Power        Failure   Level  Hunger
 Fireball                 Conj/Fire      #.........   100%        5    ######.
 Apportation              Tloc           #.....       71%         1    ##.....
 Conjure Flame            Conj/Fire      #.......     97%         3    ####...
 Invisibility             Hex            #.......     100%        6    #######
 Throw Flame              Conj/Fire      #.....       83%         2    ###....
 Sticky Flame             Conj/Fire      #.......     100%        4    #####..
 Tukima's Dance           Hex            #.......     97%         3    ####...
 Flame Tongue             Conj/Fire      #....        71%         1    ##.....
 Summon Butterflies       Summ           #.......     71%         1    ##.....
 Alistair's Intoxication  Tmut/Pois      #.......     100%        5    ######.
 Inner Flame              Hex/Fire       #.......     97%         3    ####...
 Lesser Beckoning         Tloc           #.........   97%         3    ####...


Dungeon Overview and Level Annotations

Branches:
Dungeon (11/15)            Temple (0/1) D:5            Lair (6/6) D:9
  Swamp (0/4) Lair:4       Spider (0/4) Lair:3        Slime (0/5) Lair:5
    Orc (0/2) D:11

Altars:
Ashenzari
Dithmenos
Elyvilon
Hepliaklqana
Kikubaaqudgha
Nemelex Xobeh
Qazlal
Sif Muna
Uskayaw
Vehumet
Wu Jian
Zin
The Shining One

Shops:
D:6 %   D:9 ?

Annotations:
D:8 3 runed doors, EnegeticOcto's ghost, novice DDFi
D:9 2 transporters, Ybbo Nerph's ghost, novice MiFi
Lair:4 exclusion: 3 oklob plants


Innate Abilities, Weirdness & Mutations

You reflexively headbutt those who attack you in melee.
You have a pair of horns on your head.


Message History

* * * LOW HITPOINT WARNING * * *
The black bear goes berserk!
The black bear bites the plant.
The black bear claws the plant but does no damage. x2
You are feeling hungry.
You sock the hell hound!
You kill the hell hound!
Qazlal accepts your kill.
You hear an angry growl. x2; You hear a bark!
The black bear is engulfed in freezing vapours.
The polar bear bites you!
* * * LOW HITPOINT WARNING * * *
You block the polar bear's attack. x2; The black bear bites the plant.
The black bear claws the plant but does no damage. x2
You swing at nothing.
You hear an angry growl.
The black bear is engulfed in freezing vapours.
You kill the black bear!
Qazlal accepts your kill. The polar bear bites you!
You die...

## .#.## .....## ....##
# ....# # #..# ## #
#######..##h# #
#####†#...#.§§@#
###....#†.....§.#hhhh...
P#............#.#P§..###
..#.)...#.#.#.##P#...%#
..P#...######## #P#..##
P...#### ##..# ....# ##
.....# ......#


You could see 2 polar bears and 3 black bears.

Vanquished Creatures
  2 hydras
  A queen ant (Lair:3)
  2 two-headed ogres
  A swamp dragon (Lair:6)
  2 ugly things (D:11)
  An oklob plant (Lair:1)
  12 elephants
  5 black mambas
  2 cyclopes (D:11)
  A centaur zombie (D:10)
  9 spiny frogs
  A gargoyle (D:11)
  2 rime drakes
  6 komodo dragons
  5 polar bears
  Grinder (D:3)
  2 hornets
  21 dream sheep (Lair:5)
  19 blink frogs
  6 hippogriffs
  4 wyverns
  A spriggan (D:8)
  Sigmund (D:2)
  3 wraiths
  2 redbacks (Lair:3)
  25 yaks
  A hungry ghost (D:9)
  6 basilisks
  3 steam dragons (Lair:6)
  2 vampire mosquitoes (D:11)
  A warg (Lair:6)
  15 soldier ants (Lair:3)
  2 acid dragons
  13 water moccasins
  9 porcupines
  2 hell hounds (Lair:6)
  A swamp drake (Lair:6)
  5 sky beasts
  8 orc warriors
  6 black bears
  5 ogres
  3 ice beasts
  A phantom (D:5)
  11 wolves
  8 centaurs
  9 crocodiles
  16 bullfrogs
  An elf zombie (D:7)
  6 scorpions
  A water moccasin skeleton (D:10)
  9 killer bees
  6 wights
  An electric eel (Lair:2)
  2 bullfrog zombies
  3 crimson imps
  4 bullfrog skeletons
  2 gnoll shamans
  A centaur skeleton (D:5)
  6 orc priests
  9 hounds
  3 human zombies (D:7)
  8 jellies
  4 iguanas
  6 orc wizards
  36 worker ants
  A killer bee zombie (D:5)
  An ogre zombie (D:7)
  A hound zombie (D:5)
  2 hound skeletons
  4 mummies (D:7)
  10 gnolls
  A howler monkey skeleton (D:5)
  8 adders
  3 shadow imps
  4 oozes
  An adder skeleton (D:7)
  A worm (D:3)
  2 dart slugs
  8 leopard geckos
  52 orcs
  9 bats
  2 giant cockroaches
  A goblin (D:3)
  5 hobgoblins
  6 jackals
  6 quokkas
  9 frilled lizards
  12 kobolds
  An orc zombie (D:7)
  6 rats
  A butterfly (Lair:3)
  A fungus (Lair:4)
  2 plants
532 creatures vanquished.

Vanquished Creatures (others)
  A centaur (D:5)
  16 fungi
  20 plants
37 creatures vanquished.

Grand Total: 569 creatures vanquished

Notes
Turn   | Place    | Note
-------+----------+-------------------------------------------
     0 | D:1      | kae the Minotaur Fighter began the quest for the Orb.
     0 | D:1      | Reached XP level 1. HP: 19/19 MP: 0/0
   403 | D:1      | Reached XP level 2. HP: 21/26 MP: 1/1
  1144 | D:2      | Reached XP level 3. HP: 28/31 MP: 2/2
  1349 | D:2      | Noticed Sigmund
  1361 | D:2      | Killed Sigmund
  1361 | D:2      | Reached XP level 4. HP: 30/39 MP: 3/3
  1361 | D:2      | Reached XP level 5. HP: 34/45 MP: 4/4
  1699 | D:2      | Noticed a fire elemental
  1700 | D:2      | Found a stormy altar of Qazlal.
  1701 | D:2      | Noticed a water elemental
  1701 | D:2      | Noticed an air elemental
  1760 | D:2      | Became a worshipper of Qazlal Stormbringer
  2004 | D:3      | Noticed a centaur
  2010 | D:3      | Killed a centaur
  2010 | D:3      | Reached skill level 1 in Invocations
  2010 | D:3      | Reached XP level 6. HP: 36/51 MP: 5/5
  2099 | D:3      | Found a hazy altar of Hepliaklqana.
  2107 | D:3      | Noticed Grinder
  2112 | D:3      | Killed Grinder
  2112 | D:3      | Reached skill level 2 in Invocations
  2157 | D:3      | Reached * piety under Qazlal
  2157 | D:3      | Reached XP level 7. HP: 15/57 MP: 7/7
  2629 | D:3      | Found a glowing golden altar of the Shining One.
  3294 | D:4      | Reached skill level 3 in Invocations
  3574 | D:4      | Found a sparkling altar of Nemelex Xobeh.
  3633 | D:4      | Found a glowing silver altar of Zin.
  3927 | D:5      | Entered Level 5 of the Dungeon
  4187 | D:5      | Reached skill level 10 in Maces & Flails
  4187 | D:5      | Reached skill level 4 in Invocations
  4265 | D:5      | Found a staircase to the Ecumenical Temple.
  4278 | D:5      | Reached XP level 8. HP: 64/64 MP: 10/10
  5128 | D:6      | Reached ** piety under Qazlal
  5153 | D:6      | Reached skill level 5 in Invocations
  5326 | D:6      | Found Xypneucw's Food Emporium.
  5579 | D:6      | Found a glowing silver altar of Zin.
  5744 | D:6      | Reached XP level 9. HP: 70/70 MP: 12/12
  5925 | D:7      | Reached skill level 6 in Invocations
  6189 | D:7      | Reached *** piety under Qazlal
  6211 | D:7      | Found an ancient bone altar of Kikubaaqudgha.
  6220 | D:7      | Reached skill level 7 in Invocations
  6399 | D:7      | Found a shattered altar of Ashenzari.
  6399 | D:7      | Found a radiant altar of Vehumet.
  6464 | D:8      | Identified a scroll of acquirement
  6465 | D:8      | Got a crystal eveningstar
  6466 | D:8      | Identified the +4 eveningstar "Uxoifikh" {flame, rN+ MR+} (You acquired it on level 8 of the Dungeon)
  6780 | D:8      | Found a deep blue altar of Sif Muna.
  6844 | D:8      | Reached XP level 10. HP: 77/77 MP: 14/14
  6856 | D:8      | Found a runed gate.
  6863 | D:8      | Noticed a ten-headed hydra
  6863 | D:8      | Noticed EnegeticOcto's ghost (novice DDFi)
  6864 | D:8      | Found a runed gate.
  6864 | D:8      | Found a runed gate.
  6864 | D:8      | Noticed a nine-headed hydra
  7114 | D:8      | Found a hide-covered altar of Uskayaw.
  7131 | D:8      | Found a white marble altar of Elyvilon.
  7131 | D:8      | Found an ornate altar of the Wu Jian Council.
  7203 | D:9      | Noticed a two-headed ogre
  7210 | D:9      | Killed a two-headed ogre
  7210 | D:9      | Reached skill level 8 in Invocations
  7213 | D:9      | Found Saqyela's Magic Scroll Shop.
  7217 | D:9      | Found a transporter.
  7228 | D:9      | Bought a scroll of identify for 20 gold pieces
  7229 | D:9      | Noticed Ybbo Nerph's ghost (novice MiFi)
  7243 | D:9      | Noticed an elephant
  7254 | D:9      | Killed an elephant
  7257 | D:9      | Reached skill level 15 in Maces & Flails
  7269 | D:9      | Reached **** piety under Qazlal
  7468 | D:9      | Found a staircase to the Lair.
  7644 | D:9      | Reached skill level 9 in Invocations
  7909 | D:9      | Found a transporter.
  8430 | D:10     | Entered Level 10 of the Dungeon
  8434 | D:10     | Noticed a two-headed ogre
  8441 | D:10     | Killed a two-headed ogre
  8451 | D:10     | Paralysed by a hornet for 3 turns
  8455 | D:10     | Reached XP level 11. HP: 36/82 MP: 15/17
  8943 | D:10     | Reached skill level 10 in Invocations
  8961 | D:10     | Reached ***** piety under Qazlal
  9442 | D:11     | Found a shadowy altar of Dithmenos.
  9498 | D:11     | Reached skill level 11 in Invocations
  9501 | D:11     | Noticed a red ugly thing
  9506 | D:11     | Noticed a green ugly thing
  9509 | D:11     | Killed a red ugly thing
  9519 | D:11     | Killed a green ugly thing
  9835 | D:11     | Reached skill level 12 in Invocations
 10119 | D:11     | Found a staircase to the Orcish Mines.
 10429 | Lair:1   | Entered Level 1 of the Lair of Beasts
 10521 | Lair:1   | Reached skill level 13 in Invocations
 10783 | Lair:1   | Reached XP level 12. HP: 54/90 MP: 20/20
 11656 | Lair:2   | Noticed a four-headed hydra
 11661 | Lair:2   | Killed a four-headed hydra
 11668 | Lair:2   | Reached ****** piety under Qazlal
 11668 | Lair:2   | Reached skill level 14 in Invocations
 12743 | Lair:3   | Noticed an eight-headed hydra
 12750 | Lair:3   | Killed an eight-headed hydra
 13037 | Lair:3   | Reached skill level 15 in Invocations
 13131 | Lair:3   | Found a hole to the Spider Nest.
 13198 | Lair:3   | Paralysed by a hornet for 2 turns
 13829 | Lair:3   | Reached skill level 16 in Invocations
 13922 | Lair:3   | Found a shattered altar of Ashenzari.
 13948 | Lair:3   | Noticed a queen ant
 13964 | Lair:3   | Killed a queen ant
 13965 | Lair:3   | Reached XP level 13. HP: 82/95 MP: 24/24
 15400 | Lair:4   | Found a staircase to the Swamp.
 15614 | Lair:4   | Found a stormy altar of Qazlal.
 16306 | Lair:5   | Found a staircase to the Slime Pits.
 16372 | Lair:5   | Reached skill level 17 in Invocations
 17511 | Lair:6   | Entered Level 6 of the Lair of Beasts
 17518 | Lair:6   | Reached skill level 18 in Invocations
 18276 | Lair:6   | Reached XP level 14. HP: 94/102 MP: 26/26
 18874 | Lair:6   | Slain by a polar bear

Vault maps used:
D:1:      scummos_arrival_forest
D:2:      nicolae_qazlal_style_of_elements, first_ration, uniq_sigmund
D:3:      lemuel_doored_altar, kennysheep_pointless_box, minivault_11,
          tso_metal_star, uniq_grinder
D:4:      lemuel_crystal_altar, kennysheep_mini_moat
D:5:      temple_green
D:6:      serial_shops, nicolae_shop_competitors_out_of_business, basic_altar
D:7:      lemuel_mausoleum_altar_kikubaaqudgha, gammafunk_temple_overflow_wave
D:8:      eat_drink_and_be_merry_uskayaw, nicolae_overflow_hidden_temple,
          gammafunk_ghost_hydra_chop, basic_altar, hangedman_glass_teeth,
          the_bakery, minmay_misc_feat_doors, dk_noncrumbling_3,
          nrook_loot_triangle
D:9:      david_lair_generic, serial_shops,
          nicolae_shop_temple_entry_statues_fountains,
          gammafunk_ghost_stat_death
D:11:     hiddenorc1_lemuel, grunt_dithmenos_smoke
Lair:1:   beast_lair_carwin_large_1, lab_entry_generic,
          grunt_forest_small_clearings, minivault_26, minmay_lair_oklob_items,
          serial_bayou_shore_b
Lair:2:   serial_bayou_shore_a, lemuel_fruit_tree, infiniplex_staircase_pool
Lair:3:   spider_nest_entry_webs, basic_altar, serial_bayou_pond_e,
          zaba_anthell, grunt_megastairs_1, serial_bayou_shore_b,
          lemuel_fruit_fields
Lair:4:   swamp_mist, basic_altar, infiniplex_staircase_pool_2,
          minmay_lair_oklob_chamber
Lair:5:   nicolae_slime_entry_slimehenge
Lair:6:   guppyfry_lair_end_dragon, hangedman_lair_caniforms_friends

Skill      XL: |  1  2  3  4  5  6  7  8  9 10 11 12 13 |
---------------+----------------------------------------+-----
Maces & Flails | 3 4 6 7 8 10 12 14 16 | 16.0
Invocations    | 1 2 4 5 7 9 13 16 18 | 18.9
Fighting       | |  3.6
Armour         | |  3.6
Shields        | |  3.6

Action                   |  1- 3 |  4- 6 |  7- 9 | 10-12 | 13-15 || total
-------------------------+-------+-------+-------+-------+-------++-------
Melee: Flail             |    34 |       |       |       |       ||    34
       Headbutt          |    11 |     7 |    57 |    94 |    65 ||   234
       Whip              |    53 |    57 |   402 |       |       ||   512
       Eveningstar       |       |       |    31 |   655 |   146 ||   832
       Great mace        |       |       |       |       |   191 ||   191
Invok: Upheaval          |       |       |       |     1 |       ||     1
  Use: Scroll            |       |       |    13 |    12 |     6 ||    31
       Potion            |       |       |       |     3 |       ||     3
  Eat: Chunk             |     1 |     3 |    15 |    20 |    12 ||    51
       Ration            |       |       |       |     1 |     1 ||     2
Armor: Scale mail        |    34 |    15 |    61 |   101 |   103 ||   314
       Skin              |       |       |       |     5 |       ||     5
Dodge: Dodged            |    19 |    11 |    50 |    67 |    88 ||   235
       Deflected         |       |       |       |     6 |     3 ||     9
Block: Shield            |    54 |    31 |   203 |   498 |   124 ||   910
       Reflection        |       |       |    13 |     8 |       ||    21
       Other             |       |       |       |       |   105 ||   105

Table legend:
 A = Spawn XP
 B = Non-spawn XP
 C = Spawn XP percentage of total XP
 D = Spawn monster count
 E = Non-spawn monster count
 F = Spawn count percentage of total count
 G = Total turns spent on level
                    A         B        C        D         E        F      G
               +---------+---------+-------+---------+---------+-------+---------
         Total |       0 |   67689 |   0.0 |       0 |     529 |   0.0 | 18874
               +---------+---------+-------+---------+---------+-------+---------
           D:1 |       0 |      28 |   0.0 |       0 |      15 |   0.0 |  1040
           D:2 |       0 |     242 |   0.0 |       0 |      17 |   0.0 |   738
           D:3 |       0 |     490 |   0.0 |       0 |      34 |   0.0 |  1183
           D:4 |       0 |     179 |   0.0 |       0 |       9 |   0.0 |   966
           D:5 |       0 |    1067 |   0.0 |       0 |      26 |   0.0 |  1100
           D:6 |       0 |     926 |   0.0 |       0 |      24 |   0.0 |   880
           D:7 |       0 |    1708 |   0.0 |       0 |      31 |   0.0 |   554
           D:8 |       0 |    1683 |   0.0 |       0 |      28 |   0.0 |   728
           D:9 |       0 |    3241 |   0.0 |       0 |      28 |   0.0 |  1676
          D:10 |       0 |    3377 |   0.0 |       0 |      36 |   0.0 |   496
          D:11 |       0 |    5575 |   0.0 |       0 |      44 |   0.0 |  1068
        Lair:1 |       0 |    5717 |   0.0 |       0 |      33 |   0.0 |  1204
        Lair:2 |       0 |    2851 |   0.0 |       0 |      11 |   0.0 |   972
        Lair:3 |       0 |   11540 |   0.0 |       0 |      75 |   0.0 |  2197
        Lair:4 |       0 |    6824 |   0.0 |       0 |      28 |   0.0 |  1504
        Lair:5 |       0 |    9944 |   0.0 |       0 |      41 |   0.0 |  1474
        Lair:6 |       0 |   12297 |   0.0 |       0 |      49 |   0.0 |  1094
               +---------+---------+-------+---------+---------+-------+---------
